 Dungeon Crawl Stone Soup version 0.18-a0-1788-g92de1ac (webtiles) character file.

102 wvc the Cutter (level 4, -2/23 HPs)
             Began as a Vine Stalker Wanderer on Apr 19, 2016.
             Slain by Grinder (5 damage)
             ... on level 3 of the Dungeon.
             The game lasted 00:03:30 (1586 turns).

wvc the Cutter (Vine Stalker Wanderer)              Turns: 1586, Time: 00:03:31

Health: -2/23      AC:  6    Str: 14    XL:     4   Next: 77%
Magic:  0/5        EV: 15    Int: 13    God:
Gold:   121        SH:  0    Dex: 19    Spells: 0 memorised, 3 levels left

rFire  . . .     SeeInvis .     n - +0 dagger (drain)
rCold  . . .     Gourm    .     t - +0 ring mail
rNeg   . . .     Faith    .     (no shield)
rPois  +         Spirit   +     (no helmet)
rElec  .         Dismiss  .     (no cloak)
rCorr  .         Reflect  .     s - +0 pair of gloves
SustAt +         Harm     .     (no boots)
MR     .....                    (no amulet)
Stlth  ++........               x - ring of poison resistance
                                i - ring of sustain attributes

@: agile, not resistant to hostile enchantments, unstealthy
A: fangs 2, regeneration 1, magic shield, antimagic bite, no device heal 3, rot
immunity
a: no special abilities


You were on level 3 of the Dungeon.
You were not hungry.

You visited 1 branch of the dungeon, and saw 3 of its levels.

You collected 121 gold pieces.

Inventory:

Hand Weapons
 b - a +0 mace
 c - a +0 hand axe
 e - a +0 dagger
 n - a +0 dagger of draining (weapon)
 w - a +2 dagger of speed
Armour
 s - a +0 pair of gloves (worn)
 t - a +0 ring mail (worn)
Jewellery
 d - an uncursed ring of stealth
 i - a ring of sustain attributes (left hand)
 x - a ring of poison resistance (right hand)
Scrolls
 h - 6 scrolls of remove curse {unknown}
 j - a scroll of enchant armour {unknown}
 l - a scroll of enchant weapon {unknown}
 q - 2 scrolls of identify {unknown}
 r - a scroll of recharging {unknown}
 y - a scroll of noise {unknown}
Potions
 k - a potion of cancellation {unknown}
 m - a potion of brilliance {unknown}
 o - a potion of degeneration {unknown}
 p - a potion of haste {unknown}
 v - a potion of lignification {unknown}
Books
 a - a book of Necromancy

   Spells                             Type                      Level
   a - Pain                           Necromancy                   1
   b - Animate Skeleton               Necromancy                   1
   c - Vampiric Draining              Necromancy                   3
   d - Regeneration                   Charms/Necromancy            3
   e - Animate Dead                   Necromancy                   4
   f - Control Undead                 Necromancy                   4
Comestibles
 f - a bread ration
 u - 4 chunks of flesh
 z - a beef jerky


   Skills:
 - Level 1.7 Fighting
 + Level 3.3 Short Blades
 - Level 2.0 Axes
 - Level 1.2 Stealth
   Level 1.0 Shields
   Level 3.0 Conjurations
   Level 2.0 Necromancy


You had 3 spell levels left.
You didn't know any spells.

Dungeon Overview and Level Annotations

Branches:
Dungeon (3/15)

Altars:
Ashenzari
Pakellas
Vehumet

Annotations:
D:3 Grinder


Innate Abilities, Weirdness & Mutations

You have extremely sharp teeth.
Your natural rate of healing is unusually fast.
When hurt, damage is shared between your health and your magic reserves.
Your bite disrupts and absorbs the magic of your enemies.
Potions and wands cannot restore your health.
You are immune to rotting.


Message History

Grinder gestures at you.
You struggle to resist.
Grinder blinks!
You can move again.
You closely miss Grinder.
Grinder is lightly wounded.
Grinder blinks!
Grinder blinks!
Grinder gestures at you. Pain shoots through your body!
* * * LOW HITPOINT WARNING * * *
You are too injured to fight recklessly!
You are too injured to fight recklessly!
You are too injured to fight recklessly!
You are too injured to fight recklessly!
Drink which item? (? for menu, Esc to quit)
It was a potion of agility.
You feel agile all of a sudden. Grinder hits you!
You die...

..... #.#.# ......
#.#.#.### ### ##
......#.. ..# #.
#.#.#...# #.# #.
........# #.# #.
#.#.#.#?######.# #.
......5@.......# #.
.##............#
######.
###..........#
#......
.............#
#.#####
###....###...#
#.##...
#....#⌠#..(###.##.##
#....###.(........#
#.......(.#.......#
#....)....#.......#


You could see Grinder.

Vanquished Creatures
  4 adders (D:2)
  An ooze (D:2)
  2 worms (D:2)
  2 dart slugs
  3 giant geckos
  An orc (D:3)
  3 giant cockroaches
  6 goblins
  4 hobgoblins
  6 kobolds
  A quokka (D:2)
  A ball python (D:2)
  7 bats
  A giant newt (D:2)
  7 rats
49 creatures vanquished.

Notes
Turn   | Place    | Note
--------------------------------------------------------------
     0 | D:1      | wvc the Vine Stalker Wanderer began the quest for the Orb.
     0 | D:1      | wvc set off with: a book of Necromancy, a +0 mace, a +0 hand axe, a +0 robe, a bread ration
     0 | D:1      | Reached XP level 1. HP: 11/11 MP: 2/2
    78 | D:1      | Reached XP level 2. HP: 11/15 MP: 3/3
   305 | D:1      | Reached skill level 1 in Short Blades
   547 | D:2      | Reached XP level 3. HP: 18/18 MP: 4/4
   651 | D:2      | Found an oddly glowing altar of Pakellas.
   779 | D:2      | Reached XP level 4. HP: 9/23 MP: 2/5
  1387 | D:3      | Found a radiant altar of Vehumet.
  1419 | D:3      | Found a shattered altar of Ashenzari.
  1573 | D:3      | Noticed Grinder
  1578 | D:3      | Paralysed by Grinder for 3 turns
  1586 | D:3      | Slain by Grinder

Vault maps used:
D:1:      dpeg_arrival_rooms_a, minmay_misc_feat_tower
D:2:      grunt_pakellas_mercury
D:3:      lemuel_crystal_altar, evilmike_ruin_ashenzari, serial_glass,
          glass_columns_b, glass_columns_c, glass_columns_a, glass_columns_a,
          glass_columns_c, glass_columns_b, minmay_strange_pillars,
          feat_on_display, item_on_display_b, first_bread, uniq_grinder

Skill      XL: |  1  2  3  4 |
---------------+-------------+-----
Axes           | 2 |  2.0
Short Blades   | 1 2 3 |  3.3
Fighting       | |  1.7
Stealth        | |  1.2
Shields        | |  1.0
Conjurations   | |  3.0
Necromancy     | |  2.0

Action                   |  1- 3 |  4- 6 || total
-------------------------+-------+-------++-------
Melee: Mace              |    22 |       ||    22
       Bite              |    17 |    17 ||    34
       Dagger            |    75 |    63 ||   138
  Use: Potion            |       |     1 ||     1
 Stab: Sleeping          |     4 |       ||     4
  Eat: Chunk             |       |     2 ||     2
Armor: Robe              |    30 |       ||    30
       Ring mail         |    13 |    21 ||    34
Dodge: Dodged            |    65 |    22 ||    87
